 Dungeon Crawl Stone Soup version 0.28-a0-2-g643f2454ad (webtiles) character file.

Game seed: 2113002843113702448

175 MirrMurr the Thrower (level 5, -7/43 HPs)
             Began as a Gnoll Hunter on July 22, 2021.
             Killed from afar by a steam dragon (18 damage)
             ... with a ball of steam
             ... on level 4 of the Dungeon.
             The game lasted 00:06:55 (4134 turns).

MirrMurr the Thrower (Gnoll Hunter)                 Turns: 4134, Time: 00:06:56

Health: -7/43      AC:  6    Str: 12    XL:     5   Next: 55%
Magic:  7/7        EV: 10    Int: 11    God:
Gold:   284        SH:  0    Dex: 12    Spells: 7/7 levels left

rFire   . . .      SeeInvis .   a - +1 short sword
rCold   . . .      Faith    .   (no shield)
rNeg    . . .      Spirit   .   i - +0 scale mail
rPois   .          Reflect  .   (no helmet)
rElec   .          Harm     .   (no cloak)
rCorr   .          Rampage  .   (no gloves)
Will    .....                   (no boots)
Stlth   +.........              (no amulet)
HPRegen 0.14/turn               (no ring)
MPRegen 0.10/turn               (no ring)

@: no status effects
A: fangs 1, strong nose, distributed training
a: no special abilities


You were on level 4 of the Dungeon.
You visited 1 branch of the dungeon, and saw 4 of its levels.

You collected 284 gold pieces.

Inventory:

Hand Weapons
 a - a +1 short sword (weapon)
 b - a +0 hunting sling
Missiles
 c - 6 javelins
 d - 2 throwing nets
 e - 19 stones (quivered)
 n - 18 sling bullets
Armour
 i - a +0 scale mail (worn)
Magical Staves
 k - a staff of poison
Jewellery
 h - a ring of see invisible
 j - a +4 ring of slaying
Scrolls
 o - a scroll of summoning {unknown}
 p - a scroll of immolation {unknown}
Potions
 f - a potion of berserk rage {unknown}
 g - 3 potions of heal wounds {unknown}
 l - a potion of invisibility {unknown}
 m - a potion of lignification {unknown}


   Skills:
 + Level 4.8 Fighting
 + Level 1.5 Short Blades
 + Level 1.5 Long Blades
 + Level 1.5 Axes
 + Level 1.5 Maces & Flails
 + Level 1.5 Polearms
 + Level 1.5 Staves
 + Level 1.5 Slings
 + Level 1.5 Bows
 + Level 1.5 Crossbows
 + Level 8.6 Throwing
 + Level 1.5 Armour
 + Level 4.8 Dodging
 + Level 2.8 Stealth
 + Level 1.5 Shields
 + Level 1.5 Unarmed Combat
 + Level 1.5 Spellcasting
 + Level 1.2 Conjurations
 + Level 1.2 Hexes
 + Level 1.2 Summonings
 + Level 1.2 Necromancy
 + Level 1.2 Translocations
 + Level 1.2 Transmutations
 + Level 1.2 Fire Magic
 + Level 1.2 Ice Magic
 + Level 1.2 Air Magic
 + Level 1.2 Earth Magic
 + Level 1.2 Poison Magic
 + Level 1.7 Invocations
 + Level 1.5 Evocations


You had 7 spell levels left.
You didn't know any spells.
Your spell library contained the following spells:

 Spells                   Type           Power      Damage    Failure   Level
 Sandblast                Erth           6%         2d5       67%         1
 Passwall                 Tmut/Erth      2%         N/A       82%         2
 Swiftness                Air            3%         N/A       96%         3
 Passage of Golubria      Tloc           N/A        N/A       100%        4
 Lee's Rapid Deconstruct  Erth           1%         3d5*      100%        5
 Silence                  Hex/Air        1%         N/A       100%        5
 Invisibility             Hex            1%         N/A       100%        6
 Lehudib's Crystal Spear  Conj/Erth      1%         10d2      100%        8


Dungeon Overview and Level Annotations

Branches:
Dungeon (4/15)             Temple (0/1) D:4

Altars:
Dithmenos
Kikubaaqudgha
Uskayaw
Vehumet

Annotations:
D:4 2 transporters


Innate Abilities, Weirdness & Mutations

You have very sharp teeth.
Your uncanny sense of smell can sniff out nearby items.
Your experience applies equally to all skills.


Message History

You closely miss the steam dragon.
The steam dragon is lightly wounded.
The steam dragon barely misses you. x2
You closely miss the steam dragon.
The steam dragon is lightly wounded.
The steam dragon bites you!
The steam dragon claws you but does no damage.
You hit the steam dragon but do no damage.
The steam dragon is lightly wounded.
The steam dragon barely misses you.
The steam dragon claws you but does no damage.
You hit the steam dragon but do no damage.
The steam dragon is lightly wounded.
The steam dragon bites you but does no damage.
The steam dragon closely misses you.
Okay, then.
You hit the steam dragon.
The steam dragon is lightly wounded.
The steam dragon bites you but does no damage.
The steam dragon claws you.
You closely miss the steam dragon.
The steam dragon is lightly wounded.
The steam dragon barely misses you. The steam dragon claws you.
You barely miss the steam dragon.
The steam dragon is lightly wounded.
The steam dragon closely misses you. The steam dragon claws you.
You barely miss the steam dragon.
The steam dragon is lightly wounded.
The steam dragon barely misses you. The steam dragon claws you.
You hit the steam dragon but do no damage.
The steam dragon is lightly wounded.
The steam dragon bites you.
* * * LOW HITPOINT WARNING * * *
The steam dragon claws you.
* * * LOW HITPOINT WARNING * * *
The steam dragon barely misses you. x2
The steam dragon closely misses you. The steam dragon completely misses you.
The steam dragon breathes steam at you. The ball of steam hits you!!
You die...

......##...#8.©.8#.#
..##.###...#######.#
..##.# ###....©....#
.....########...##
#.####....(......##
#.##.#.# ##(.....(##
#.#....###..(......####.
.........'....D.(..'....
#.......##.....§@..####
####.#..###......<##
###..# #......##
#..###.#...##
#......##'## ##.######.#
#.# #.. ∆ #.# #..# #.#
...


You could see a steam dragon (catching breath).

Vanquished Creatures
  2 hounds (D:4)
  An orc wizard (D:4)
  A gnoll (D:4)
  3 adders
  A dart slug (D:3)
  3 orcs
  6 endoplasms
  A giant cockroach (D:3)
  6 goblins
  8 hobgoblins
  3 quokkas
  4 ball pythons
  2 bats
  2 frilled lizards (D:1)
  3 kobolds
  3 rats
49 creatures vanquished.

Vanquished Creatures (others)
  A plant (D:2)
1 creature vanquished.

Grand Total: 50 creatures vanquished

Notes
Turn   | Place    | Note
-------+----------+-------------------------------------------
     0 | D:1      | MirrMurr the Gnoll Hunter began the quest for the Orb.
     0 | D:1      | Reached XP level 1. HP: 20/20 MP: 1/1
   364 | D:1      | Reached XP level 2. HP: 24/26 MP: 2/2
  1460 | D:2      | Found a faded altar of an unknown god.
  1872 | D:3      | Found an ancient bone altar of Kikubaaqudgha.
  1929 | D:3      | Reached XP level 3. HP: 31/31 MP: 3/3
  2257 | D:3      | Reached skill level 1 in Invocations
  2624 | D:3      | Reached skill level 1 in Short Blades
  2624 | D:3      | Reached skill level 1 in Long Blades
  2624 | D:3      | Reached skill level 1 in Axes
  2624 | D:3      | Reached skill level 1 in Maces & Flails
  2624 | D:3      | Reached skill level 1 in Polearms
  2624 | D:3      | Reached skill level 1 in Staves
  2624 | D:3      | Reached skill level 1 in Slings
  2624 | D:3      | Reached skill level 1 in Bows
  2624 | D:3      | Reached skill level 1 in Crossbows
  2624 | D:3      | Reached skill level 1 in Armour
  2624 | D:3      | Reached skill level 1 in Shields
  2624 | D:3      | Reached skill level 1 in Unarmed Combat
  2624 | D:3      | Reached skill level 1 in Spellcasting
  2624 | D:3      | Reached skill level 1 in Evocations
  2747 | D:3      | Reached XP level 4. HP: 38/38 MP: 5/5
  3345 | D:4      | Reached skill level 1 in Conjurations
  3345 | D:4      | Reached skill level 1 in Hexes
  3345 | D:4      | Reached skill level 1 in Summonings
  3345 | D:4      | Reached skill level 1 in Necromancy
  3345 | D:4      | Reached skill level 1 in Translocations
  3345 | D:4      | Reached skill level 1 in Transmutations
  3345 | D:4      | Reached skill level 1 in Fire Magic
  3345 | D:4      | Reached skill level 1 in Ice Magic
  3345 | D:4      | Reached skill level 1 in Air Magic
  3345 | D:4      | Reached skill level 1 in Earth Magic
  3345 | D:4      | Reached skill level 1 in Poison Magic
  3513 | D:4      | Found a hide-covered altar of Uskayaw.
  3565 | D:4      | Found a transporter.
  3631 | D:4      | Found a transporter.
  3743 | D:4      | Found a radiant altar of Vehumet.
  3746 | D:4      | Found a shadowy altar of Dithmenos.
  3835 | D:4      | Reached XP level 5. HP: 37/43 MP: 5/7
  4070 | D:4      | Found a staircase to the Ecumenical Temple.
  4115 | D:4      | Noticed a steam dragon
  4134 | D:4      | Killed from afar by a steam dragon

Illustrated notes

Levels and vault maps discovered:
D:1:      dpeg_arrival_connections, layout_rooms
D:2:      layout_loops_ring, basic_altar, serial_bayou, serial_bayou_pond_d,
          serial_bayou_pond_d, serial_bayou_pond_d, serial_bayou_pond_a,
          serial_bayou_pond_e, basic_ecumenical_altar
D:3:      layout_loops_ring, mainiacjoe_overflow_paths, roderic_lattice_a,
          corexii_item_surrounded_by_moat, kennysheep_generic_room_11
D:4:      gammafunk_steamed_eel, layout_loops_corners,
          mainiacjoe_overflow_alcove_4, nicolae_overflow_hidden_temple,
          minmay_temple_entry_from_below_a, minmay_misc_feat_doors, st_stairs_1,
          cheibrodos_gnoll_hut

Skill      XL: |  1  2  3  4 |
---------------+-------------+-----
Invocations    | 1 |  1.7
Short Blades   | 1 |  1.5
Long Blades    | 1 |  1.5
Axes           | 1 |  1.5
Maces & Flails | 1 |  1.5
Polearms       | 1 |  1.5
Staves         | 1 |  1.5
Slings         | 1 |  1.5
Bows           | 1 |  1.5
Crossbows      | 1 |  1.5
Armour         | 1 |  1.5
Shields        | 1 |  1.5
Unarmed Combat | 1 |  1.5
Spellcasting   | 1 |  1.5
Evocations     | 1 |  1.5
Conjurations   | 1 |  1.2
Hexes          | 1 |  1.2
Summonings     | 1 |  1.2
Necromancy     | 1 |  1.2
Translocations | 1 |  1.2
Transmutations | 1 |  1.2
Fire Magic     | 1 |  1.2
Ice Magic      | 1 |  1.2
Air Magic      | 1 |  1.2
Earth Magic    | 1 |  1.2
Poison Magic   | 1 |  1.2
Fighting       | |  4.8
Throwing       | |  8.6
Dodging        | |  4.8
Stealth        | |  2.8

Action                   |  1- 3 |  4- 6 || total
-------------------------+-------+-------++-------
Melee: Short sword       |   166 |    60 ||   226
       Bite              |     7 |     3 ||    10
       Punch             |       |     1 ||     1
 Fire: Hunting sling     |       |    28 ||    28
Throw: Javelin           |       |     6 ||     6
  Use: Scroll            |       |     5 ||     5
Armor: Leather armour    |    13 |       ||    13
       Scale mail        |    36 |    32 ||    68
Dodge: Dodged            |    87 |    43 ||   130

Table legend: (Time is in decaauts)
 A = Elapsed time spent in this place.
 B = Non-inter-level travel time spent in this place.
 C = Inter-level travel time spent in this place.
 D = Time resting spent in this place.
 E = Time spent auto-exploring this place.
 F = Levels seen in this place.
 G = Mean time per level.
                   A        B        C        D        E       F      G
               +--------+--------+--------+--------+--------+-----+--------+
         Total |   4154 |   3952 |    202 |    140 |   3229 |   4 | 1038.5 |
       Dungeon |   4154 |   3952 |    202 |    140 |   3229 |   4 | 1038.5 |
               +--------+--------+--------+--------+--------+-----+--------+

Top non-repeatable levels by time:
     D:3: 1514 daAuts
     D:1: 1125 daAuts
     D:4: 880 daAuts
     D:2: 633 daAuts
